 Dungeon Crawl Stone Soup version 0.29.1-15-g9cfb28693d (webtiles) character file.

Game seed: 7746485601675731915

67 monsoonserge the Covered (level 3, -3/34 HPs)
             Began as a Minotaur Fighter on Apr 17, 2023.
             Killed by nerve-wracking pain
             ... invoked by Grinder
              (10 damage)
             ... on level 3 of the Dungeon.
             The game lasted 00:05:24 (1541 turns).

monsoonserge the Covered (Minotaur Fighter)         Turns: 1541, Time: 00:05:25

Health: -3/34      AC: 10    Str: 22    XL:     3   Next: 98%
Magic:  0/2        EV:  9    Int:  5    God:
Gold:   118        SH:  4    Dex:  9    Spells: 2/2 levels left

rFire   . . .      SeeInvis .   a - +0 war axe
rCold   . . .      Faith    .   c - +0 buckler
rNeg    . . .      Spirit   +   b - +0 scale mail
rPois   .          Reflect  .   (helmet restricted)
rElec   .          Harm     .   n - +0 cloak
rCorr   .          Rampage  .   (no gloves)
Will    .....                   i - +1 pair of boots
Stlth   ..........              h - amulet of guardian spirit
HPRegen 0.11/turn               k - ring of wizardry
MPRegen 0.08/turn               (no ring)

@: mighty
A: horns 2, retaliatory headbutt
a: no special abilities


You were on level 3 of the Dungeon.
You visited 1 branch of the dungeon, and saw 3 of its levels.

You collected 118 gold pieces.

Inventory:

Hand Weapons
 a - a +0 war axe (weapon)
Missiles
 e - 18 stones
 p - 6 boomerangs (quivered)
 t - 3 poisoned darts
Armour
 b - a +0 scale mail (worn)
 c - a +0 buckler (worn)
 i - a +1 pair of boots (worn)
 n - a +0 cloak (worn)
Jewellery
 h - an amulet of guardian spirit (around neck)
 k - a ring of wizardry (left hand)
Scrolls
 f - a scroll of butterflies {unknown}
 g - 2 scrolls of identify {unknown}
 j - 2 scrolls of amnesia {unknown}
 l - 3 scrolls of enchant weapon {unknown}
Potions
 m - a potion of heal wounds {unknown}
 o - a potion of curing {unknown}
 q - a potion of flight {unknown}
 r - a potion of haste
 s - a potion of lignification {unknown}


   Skills:
 + Level 4.4 Fighting
 + Level 3.1 Axes
 + Level 4.5 Armour
 + Level 0.3 Dodging
 - Level 4.0 Shields


You had 2 spell levels left.
You didn't know any spells.
Your spell library was empty.

Dungeon Overview and Level Annotations

Branches:
Dungeon (3/15)

Altars:

Annotations:
D:3 Grinder


Innate Abilities, Weirdness & Mutations

You have a pair of horns on your head.
You reflexively headbutt those who attack you in melee.


Message History

You kill the hobgoblin!
Grinder blinks!
You slash the quokka!
You kill the quokka!
A hobgoblin comes into view.
You see here a hobgoblin corpse.
Grinder blinks!
You hit the hobgoblin.
You kill the hobgoblin!
Grinder blinks!
You see here a hobgoblin corpse.
Found a hand axe.
Grinder blinks!
Grinder gestures at you. Pain shoots through your body!
You block Grinder's attack.
You barely miss Grinder. Your headbutt misses Grinder.
Grinder barely misses you. You furiously retaliate!
You headbutt Grinder! You hit Grinder. You headbutt Grinder.
Grinder is moderately wounded.
Grinder gestures at you.
You barely resist. You hit Grinder.
Grinder is moderately wounded.
Grinder gestures at you.
You suddenly lose the ability to move!
Grinder hits you but does no damage. Grinder hits you. Grinder gestures at you.
Pain shoots through your body!
* * * LOW HITPOINT WARNING * * *
You can move again.
Press: ? - help, v - describe, . - travel
Here: Grinder (moderately wounded)
The floor.
You feel very mighty all of a sudden. Grinder barely misses you.
You closely miss Grinder.
Grinder is moderately wounded.
Grinder gestures at you. Pain shoots through your body!
You die...

#.##............#
#.##............#
#........########
#.#### #†#####.##
#.....##†.....>#
##.......####
#...#.##.#
####.#...# .#
.......@## .
######..5...##
#...#### #..##
#.)# #..# #..#
#..#


You could see Grinder.

Vanquished Creatures
  2 adders (D:2)
  A worm (D:2)
  2 endoplasms (D:2)
  A giant cockroach (D:2)
  6 goblins
  8 hobgoblins
  3 jackals (D:2)
  4 kobolds
  3 quokkas
  3 ball pythons
  A bat (D:2)
  3 frilled lizards
  4 rats
41 creatures vanquished.

Notes
Turn   | Place    | Note
-------+----------+-------------------------------------------
     0 | D:1      | monsoonserge the Minotaur Fighter began the quest for the
                  | Orb.
     0 | D:1      | Reached XP level 1. HP: 19/19 MP: 0/0
   438 | D:1      | Reached XP level 2. HP: 27/27 MP: 1/1
   983 | D:2      | Reached XP level 3. HP: 33/33 MP: 2/2
  1519 | D:3      | Noticed Grinder
  1537 | D:3      | Paralysed by Grinder for 3 turns
  1541 | D:3      | Killed from afar by Grinder

Illustrated notes

Levels and vault maps discovered:
D:1:      saegor_arrival_simple_c, layout_loops_ring
D:2:      layout_rooms, mrwooster_statue_mirror, minmay_misc_feat_chi
D:3:      layout_loops_cross, mainiacjoe_overflow_concentric_impassable,
          chequers_temple_overflow_minitemple,
          hellmonk_ecumenical_altar_inner_sanctum, serial_glass,
          glass_columns_b, glass_columns_a, uniq_grinder

Skill      XL: |  1  2 |
---------------+-------+-----
Armour         | 4 |  4.5
Fighting       | 4 |  4.4
Axes           | 3 |  3.1
Shields        | 4 |  4.0
Dodging        | |  0.3

Action                   || total
-------------------------++-------
Melee: War axe           ||    94
       Headbutt          ||    12
Throw: Stone             ||     4
  Use: Potion            ||     1
Armor: Scale mail        ||    39
Dodge: Dodged            ||    43
Block: Buckler           ||    13
